 Dungeon Crawl Stone Soup version 0.28.0-53-g5a82cb258f (webtiles) character file.

Game seed: 6696237987577226874

10016 issech the Protected (level 11, 0/85 HPs)
             Began as a Minotaur Monk on June 6, 2022.
             Was an Elder of Hepliaklqana.
             Slain by a queen bee (10 damage)
             ... on level 9 of the Dungeon.
             The game lasted 00:52:55 (11084 turns).

issech the Protected (Minotaur Monk)               Turns: 11084, Time: 00:52:57

Health: 0/85       AC:  9    Str: 22    XL:     11   Next: 30%
Magic:  0/19       EV: 15    Int:  7    God:    Hepliaklqana [****..]
Gold:   385        SH:  0    Dex: 23    Spells: 10/10 levels left

rFire   . . .      SeeInvis +   Z - +11 mace of Intuition {vorpal, rCorr SInv}
rCold   . . .      Faith    .   (no shield)
rNeg    + . .      Spirit   +   u - +0 scale mail of Isaawn {rPois MP+9}
rPois   +          Reflect  .   (helmet restricted)
rElec   .          Harm     .   (no cloak)
rCorr   +          Rampage  .   (no gloves)
Will    +....                   (no boots)
Stlth   ++........              l - amulet of guardian spirit
HPRegen 0.24/turn               o - ring "Qavaemp" {rN+ Will+ Str+6 SInv}
MPRegen 0.16/turn               G - +6 ring of dexterity

@: no status effects
A: reduced essence, horns 2, retaliatory headbutt
a: Renounce Religion, Recall Ancestor, Ancestor Identity, Transference, Idealise


You were on level 9 of the Dungeon.
You worshipped Hepliaklqana.
Hepliaklqana was greatly pleased with you.
You visited 2 branches of the dungeon, and saw 10 of its levels.
You also visited: Sewer and Bailey.

You collected 385 gold pieces.

Inventory:

Hand Weapons
 c - the +7 hand axe "Finugani" {vorpal, Str-5 Dex+4}
   (You found it on level 8 of the Dungeon)

   It inflicts extra damage upon your enemies.
   Str:       It affects your strength (-5).
   Dex:       It affects your dexterity (+4).
 x - a +2 dagger of venom
 C - a +0 hunting sling
 Q - a +0 arbalest
 V - a +2 vorpal halberd
 Z - the +11 mace of Intuition (weapon) {vorpal, rCorr SInv}
   (You found it on level 8 of the Dungeon)

   It inflicts extra damage upon your enemies.
   SInv:      It lets you see invisible.
   rCorr:     It protects you from acid and corrosion.
Missiles
 b - 256 stones (quivered)
 f - 8 sling bullets
 h - 427 bolts
 i - 150 arrows
 q - 3 silver boomerangs
 P - 8 curare-tipped darts
 W - 5 throwing nets
Armour
 e - a +1 scale mail of positive energy
 r - the +1 scale mail of the Devil's Advocate {Dex+8}
   (You found it on level 3 of the Dungeon)

   Dex:       It affects your dexterity (+8).
 u - the +0 scale mail of Isaawn (worn) {rPois MP+9}
   (You found it on level 3 of the Dungeon)

   rPois:     It protects you from poison.
   MP:        It affects your magic capacity (+9).
 R - a +0 plate armour
Jewellery
 a - a +4 ring of protection
 l - an amulet of guardian spirit (around neck)
 o - the ring "Qavaemp" (left hand) {rN+ Will+ Str+6 SInv}
   (You found it on level 2 of the Dungeon)

   [ring of willpower]

   Str:       It affects your strength (+6).
   rN:        It protects you from negative energy.
   SInv:      It lets you see invisible.
   Will:      It increases your willpower.
 p - a ring of ice
 v - a +6 ring of strength
 F - a ring of ice
 G - a +6 ring of dexterity (right hand)
 K - a +4 ring of evasion
Wands
 j - a wand of acid (9)
 n - a wand of polymorph (7)
 z - a wand of paralysis (11)
 E - a wand of digging (3)
 H - a wand of flame (16)
 N - a wand of mindburst (6)
Scrolls
 g - 6 scrolls of teleportation
 s - 3 scrolls of fog
 y - 4 scrolls of fear
 J - a scroll of magic mapping
 S - 5 scrolls of enchant weapon
 T - a scroll of amnesia
Potions
 d - 2 potions of flight {unknown}
 k - 2 potions of berserk rage {unknown}
 m - 3 potions of degeneration {unknown}
 w - a potion of ambrosia
 A - 3 potions of heal wounds {unknown}
 B - a potion of brilliance
 D - 2 potions of attraction {unknown}
 I - 2 potions of lignification {unknown}
 L - a potion of haste
 M - a potion of might {unknown}
 O - 2 potions of curing {unknown}
 X - 2 potions of mutation {unknown}
Miscellaneous
 t - a lightning rod (4/4)


   Skills:
 + Level 8.7 Fighting
 + Level 7.8 Short Blades
 + Level 5.7(7.3) Axes
 + Level 6.8(7.8) Maces & Flails
 + Level 6.4 Crossbows
 + Level 11.1 Armour
 + Level 6.4 Dodging
 + Level 5.0 Stealth


You had 10 spell levels left.
You didn't know any spells.
Your spell library contained the following spells:

 Spells                   Type           Power      Damage    Failure   Level
 Slow                     Hex            0%         N/A       69%         1
 Confusing Touch          Hex            0%         N/A       96%         3
 Tukima's Dance           Hex            0%         N/A       96%         3
 Vampiric Draining        Necr           0%         2d6       96%         3
 Passage of Golubria      Tloc           0%         N/A       100%        4
 Summon Lightning Spire   Summ/Air       0%         N/A       100%        4
 Yara's Violent Unravell  Hex/Tmut       0%         3d3       100%        5
 Storm Form               Tmut/Air       0%         N/A       100%        7
 Maxwell's Capacitive Co  Air            0%         ∞         100%        8


Dungeon Overview and Level Annotations

Branches:
Dungeon (9/15)             Temple (1/1) D:7            Lair (0/6) D:8
  Sewer (visited)          Bailey (visited)
    Orc: D:9-12

Altars:
Ashenzari
Cheibriados
Dithmenos
Elyvilon
Fedhas
Gozag
Hepliaklqana
Kikubaaqudgha
Makhleb
Nemelex Xobeh
Okawaru
Qazlal
Ru
Sif Muna
Trog
Uskayaw
Vehumet
Wu Jian
Xom
Yredelemnul
Zin
The Shining One

Shops:
D:9 !

Annotations:
D:9 1 transporter


Innate Abilities, Weirdness & Mutations

Your life essence is reduced to manifest your ancestor. (-10% HP)
You have a pair of horns on your head.
You reflexively headbutt those who attack you in melee.


Message History

Valamore's ghost barely misses you. The queen bee stings you.
You thump Valamore's ghost! Your headbutt misses Valamore's ghost.
Valamore's ghost is heavily damaged.
Valamore's ghost closely misses you. The queen bee barely misses you.
You barely miss Valamore's ghost.
Valamore's ghost is heavily damaged.
Valamore's ghost hits you!
* * * LOW HITPOINT WARNING * * *
The queen bee stings you.
* * * LOW HITPOINT WARNING * * *
Unknown command.
You hit Valamore's ghost. You headbutt Valamore's ghost.
Valamore's ghost is severely damaged.
Valamore's ghost misses you. The queen bee barely misses you.
You hit Valamore's ghost.
Valamore's ghost is severely damaged.
Valamore's ghost closely misses you. The queen bee misses you.
You furiously retaliate!
You headbutt the queen bee. You barely miss Valamore's ghost.
Valamore's ghost is severely damaged.
The killer bee barely misses you. You furiously retaliate!
You headbutt the killer bee! Valamore's ghost barely misses you.
You furiously retaliate!
You headbutt Valamore's ghost, but do no damage.
The killer bee stings you but does no damage.
The queen bee stings you but does no damage.
You hit Valamore's ghost but do no damage.
Valamore's ghost is severely damaged.
The killer bee barely misses you. Valamore's ghost completely misses you.
You furiously retaliate!
You headbutt Valamore's ghost. The killer bee stings you.
* * * LOW HITPOINT WARNING * * *
The queen bee closely misses you.
You thump Valamore's ghost! You headbutt Valamore's ghost.
You destroy Valamore's ghost!
The killer bee stings you but does no damage.
The killer bee stings you.
* * * LOW HITPOINT WARNING * * *
The queen bee stings you!
You die...

#............###..........##
#....###.###..##.......>...#
#...#########..#...........#
######..###.###.###.#.....∩.....#
........##.$.#...##..............
........##.###.####.....<........
###..##.##.$.#.!.##.#......##..##
#).##.#!#.#.#y#y#.#......##..#
#..##.#y.#!. #@.#.#....####..#
#..#.©#yy# #.#.©#©....## #..#
###..#..#y.# ..#..#....######..##
........#y#.#.#.#.#..............
........##y..#...##..............
........####.###.##.########..###
........##...#W..##.# #..#
........###.# #.###.# #..#
.........#########..########..###


You could see a queen bee and a killer bee.

Vanquished Creatures
  Harold (D:7)
  The ghost of Valamore the Severer, a novice MiFi of Okawaru (D:9)
  A komodo dragon (D:8)
  3 wyverns (D:8)
  A basilisk (D:8)
  15 yaks
  2 steam dragons
  2 acid dragons (D:8)
  A water moccasin (D:7)
  10 orc warriors
  A black bear (D:5)
  An ogre (D:4)
  Blork the orc (D:5)
  5 bullfrogs
  A kobold brigand (D:9)
  A scorpion (D:6)
  A howler monkey (D:5)
  2 centaur zombies
  2 jellies (D:7)
  A hound (D:6)
  2 centaur skeletons
  2 iguanas
  Ijyb (D:5)
  7 orc wizards
  A killer bee zombie (D:6)
  A hound skeleton (D:5)
  4 gnolls (D:3)
  12 adders
  3 river rats
  2 white imps
  A worm (D:4)
  3 dart slugs
  22 orcs
  11 ball pythons
  2 bats (D:2)
  4 endoplasms
  4 giant cockroaches
  8 goblins
  7 hobgoblins
  6 kobolds
  4 quokkas
  4 frilled lizards
  19 rats
183 creatures vanquished.

Vanquished Creatures (collateral kills)
  A two-headed ogre (D:9)
  An orc knight (Bailey)
  A komodo dragon (D:8)
  6 yaks
  A water moccasin (D:6)
  3 orc warriors
  A black bear (D:7)
  An ogre (D:7)
  A centaur (D:7)
  A phantom (D:7)
  A bullfrog (D:8)
  A scorpion (D:6)
  A wyvern zombie (D:7)
  A wyvern skeleton (D:7)
  3 orc priests
  A bullfrog skeleton (D:7)
  5 orc wizards (D:7)
  2 killer bee zombies
  2 adders (Sewer)
  A river rat (Sewer)
  An ufetubus (D:6)
  2 orcs
  A giant cockroach (D:6)
  2 ball pythons (Sewer)
  A kobold (D:9)
  9 rats
51 creatures vanquished.

Vanquished Creatures (others)
  5 battlemagi
5 creatures vanquished.

Grand Total: 239 creatures vanquished

Notes
Turn   | Place    | Note
-------+----------+-------------------------------------------
     0 | D:1      | issech the Minotaur Monk began the quest for the Orb.
     0 | D:1      | Reached XP level 1. HP: 19/19 MP: 0/0
   179 | D:1      | Reached XP level 2. HP: 25/27 MP: 1/1
   761 | D:2      | Reached skill level 1 in Armour
   761 | D:2      | Reached XP level 3. HP: 22/33 MP: 2/2
  1084 | D:2      | Reached XP level 4. HP: 37/40 MP: 3/3
  1228 | D:2      | Identified the ring "Qavaemp" {rN+ Will+ Str+6 SInv}
  1365 | D:3      | Reached skill level 2 in Armour
  1385 | D:3      | Identified the +1 scale mail of the Devil's Advocate
                  | {Dex+8}
  1536 | D:3      | Reached skill level 5 in Axes
  1658 | D:3      | Identified the +0 scale mail of Isaawn {rPois MP+9}
  1734 | D:3      | Reached XP level 5. HP: 26/47 MP: 4/4
  2091 | D:4      | Reached skill level 3 in Armour
  2418 | D:4      | Noticed an ogre
  2432 | D:4      | Killed an ogre
  2433 | D:4      | Reached skill level 1 in Short Blades
  2433 | D:4      | Reached XP level 6. HP: 34/53 MP: 2/5
  2759 | D:5      | Entered Level 5 of the Dungeon
  2795 | D:5      | Noticed Blork the orc
  2805 | D:5      | Reached skill level 4 in Armour
  2810 | D:5      | Killed Blork the orc
  3096 | D:5      | Reached skill level 5 in Fighting
  3096 | D:5      | Reached XP level 7. HP: 52/61 MP: 4/6
  3240 | D:5      | Noticed a yak
  3240 | D:5      | Noticed a yak
  3241 | D:5      | Noticed a yak
  3242 | D:5      | Noticed a yak
  3243 | D:5      | Noticed a yak
  3243 | D:5      | Noticed a yak
  3251 | D:5      | Killed a yak
  3252 | D:5      | Reached skill level 5 in Armour
  3266 | D:5      | Killed a yak
  3273 | D:5      | Killed a yak
  3281 | D:5      | Killed a yak
  3282 | D:5      | Reached skill level 5 in Short Blades
  3282 | D:5      | Reached skill level 6 in Armour
  3282 | D:5      | Reached XP level 8. HP: 45/70 MP: 5/7
  3726 | D:5      | Noticed Ijyb
  3735 | D:5      | Killed Ijyb
  3854 | D:5      | Found a hazy altar of Hepliaklqana.
  3861 | D:5      | Became a worshipper of Hepliaklqana the Forgotten
  3861 | D:5      | Reached * piety under Hepliaklqana
  3861 | D:5      | Reached ** piety under Hepliaklqana
  3862 | D:5      | Remembered your ancestor Nebetia as a battlemage
  3892 | D:5      | Found a glowing golden altar of the Shining One.
  4053 | D:6      | Found a glowing drain.
  4062 | Sewer    | Entered a sewer
  4338 | Sewer    | Reached skill level 7 in Armour
  4345 | Sewer    | Reached skill level 5 in Dodging
  4944 | D:6      | Reached XP level 9. HP: 52/70 MP: 5/8
  5307 | D:7      | Found a flagged portal.
  5334 | Bailey   | Entered a bailey
  5960 | Bailey   | Reached skill level 1 in Crossbows
  5960 | Bailey   | Reached skill level 8 in Armour
  7082 | Bailey   | Noticed an orc knight
  7092 | Bailey   | Killed an orc knight
  7117 | Bailey   | Reached skill level 5 in Crossbows
  7351 | D:7      | Found a staircase to the Ecumenical Temple.
  7372 | Temple   | Entered the Ecumenical Temple
  7541 | D:7      | Reached *** piety under Hepliaklqana
  7609 | D:7      | Reached skill level 9 in Armour
  7728 | D:7      | Reached XP level 10. HP: 68/79 MP: 6/9
  7815 | D:7      | Noticed Harold
  7819 | D:7      | Killed Harold
  7826 | D:7      | Found a glowing silver altar of Zin.
  8215 | D:8      | Identified the +11 mace of Intuition {vorpal, rCorr SInv}
  8296 | D:8      | Reached skill level 10 in Armour
  8302 | D:8      | Reached skill level 1 in Maces & Flails
  9008 | D:8      | Reached XP level 11. HP: 46/85 MP: 5/10
  9192 | D:8      | Identified the +7 hand axe "Finugani" {vorpal, Str-5 Dex+4}
  9200 | D:8      | Found a staircase to the Lair.
  9738 | D:9      | Noticed a two-headed ogre
  9744 | D:9      | Killed a two-headed ogre
  9745 | D:9      | Reached skill level 5 in Maces & Flails
  9747 | D:9      | Found Tif Voum's Distillery.
  9805 | D:9      | Found a transporter.
  9807 | D:9      | Found a transporter.
  9808 | D:9      | Noticed Valamore's ghost (novice MiFi)
  9812 | D:9      | Reached skill level 11 in Armour
 10205 | D:9      | Reached **** piety under Hepliaklqana
 10497 | D:9      | Reached skill level 5 in Stealth
 10917 | D:9      | Found an opulent altar of Gozag.
 11084 | D:9      | Killed Valamore's ghost
 11084 | D:9      | Slain by a queen bee

Illustrated notes

Levels and vault maps discovered:
D:1:      minmay_arrival_glassed_features, layout_rooms, st_stairs_13,
          grunt_decor_clamped, serial_park_tiny_1, grunt_decor_one_mirror,
          minmay_hedge_maze, minmay_misc_feat_columns
D:2:      layout_rooms, grunt_ministairs_1
D:3:      layout_rooms, minmay_misc_feat_rows, kennysheep_generic_room_15
D:4:      layout_rooms, nrook_loot_triangle
D:5:      layout_basic, mainiacjoe_overflow_two_lobes, hangedman_decor_push,
          hangedman_abyss_or_decor_passed, uniq_blork_the_orc, uniq_ijyb
D:6:      layout_loops_cross, portal_sewer_entry_e, kennysheep_generic_room_11
D:7:      minmay_flawed_box, layout_cave_pools, mainiacjoe_overflow_paths,
          minmay_temple_entry_wispy, enter_bailey_2, uniq_harold
D:8:      layout_basic, erik_lair_dragon
D:9:      layout_small_grid, mainiacjoe_overflow_alcove_4, gammafunk_ghost_hive,
          nicolae_stop_n_shop_1, minmay_misc_feat_rugged
Temple:   regret_index_temple_mists

Skill      XL: |  1  2  3  4  5  6  7  8  9 10 11 |
---------------+----------------------------------+-----
Axes           | 4 5 |  5.7
Armour         | 1 2 3 4 6 7 9 10 11 | 11.1
Fighting       | 4 5 6 7 8 |  8.7
Dodging        | 4 5 6 |  6.4
Short Blades   | 1 2 5 7 |  7.8
Stealth        | 2 3 4 5 |  5.0
Crossbows      | 5 6 |  6.4
Maces & Flails | 4 6 |  6.8

Action                   |  1- 3 |  4- 6 |  7- 9 | 10-12 || total
-------------------------+-------+-------+-------+-------++-------
Melee: Hand axe          |    59 |    25 |       |       ||    84
       Headbutt          |    13 |    15 |    57 |    39 ||   124
       Punch             |     2 |       |     3 |     2 ||     7
       Dagger            |       |    81 |   212 |    16 ||   309
       Mace              |       |       |       |   113 ||   113
 Fire: Arbalest          |       |       |    52 |       ||    52
Throw: Stone             |       |       |     1 |       ||     1
Invok: Ancestor Life: Ba |       |       |     1 |       ||     1
  Use: Scroll            |       |       |     7 |     6 ||    13
 Stab: Distracted        |       |       |     3 |     5 ||     8
       Sleeping          |       |       |       |     3 ||     3
Armor: Chain mail        |    42 |    12 |       |       ||    54
       Scale mail        |       |    24 |    62 |    39 ||   125
Dodge: Dodged            |    32 |    73 |   198 |   109 ||   412
